 Dungeon Crawl Stone Soup version 0.22.1-2-g9c5b331 (webtiles) character file.

1461 sverre the Firebug (level 8, 0/44 HPs)
             Began as a Deep Elf Fire Elementalist on Dec 25, 2018.
             Was a Follower of Vehumet.
             Slain by a warg (2 damage)
             ... on level 8 of the Dungeon.
             The game lasted 00:46:46 (6244 turns).

sverre the Firebug (Deep Elf Fire Elementalist)     Turns: 6244, Time: 00:46:47

Health: 0/44       AC: 13    Str: 12    XL:     8   Next: 48%
Magic:  7/16       EV: 11    Int: 21    God:    Vehumet [*.....]
Gold:   249        SH:  5    Dex: 15    Spells: 0/15 levels left

rFire    + + .     SeeInvis .   o - +1 short sword (protect)
rCold    . . .     Gourm    .   e - +0 buckler
rNeg     . . .     Faith    .   B - +5 ring mail "Raothriadd" {-Tele rF+ Str+5}
rPois    .         Spirit   .   t - +0 helmet
rElec    .         Reflect  .   h - +0 cloak
rCorr    .         Harm     .   r - +0 pair of gloves
MR       .....     NoTele   +   (no boots)
Stlth    +.........             (no amulet)
HPRegen  0.14/turn              k - ring of teleportation (curse)
MPRegen  0.15/turn              v - ring of protection from fire

@: no status effects
A: no striking features
a: Renounce Religion


You were on level 8 of the Dungeon.
You worshipped Vehumet.
Vehumet was aware of your devotion.
You were not hungry.

You visited 1 branch of the dungeon, and saw 8 of its levels.

You collected 249 gold pieces.

Inventory:

Hand Weapons
 o - a +1 short sword of protection (weapon)
 u - a +0 hunting sling
Missiles
 a - 19 poisoned needles
 g - 209 stones (quivered)
 F - 5 tomahawks
Armour
 e - a +0 buckler (worn)
 h - a +0 cloak (worn)
 r - a +0 pair of gloves (worn)
 t - a +0 helmet (worn)
 B - the +5 ring mail "Raothriadd" (worn) {-Tele rF+ Str+5}
   (You found it on level 4 of the Dungeon)

   It affects your strength (+5).
   It protects you from fire.
   It prevents most forms of teleportation.
Jewellery
 k - a cursed ring of teleportation (left hand)
 v - a ring of protection from fire (right hand)
 I - an uncursed amulet of harm
Wands
 i - a wand of disintegration (11)
 s - a wand of acid (12)
 D - a wand of flame (39)
Scrolls
 d - a scroll of blinking {unknown}
 f - 2 scrolls of random uselessness
 l - 2 scrolls of teleportation {unknown}
 x - 6 scrolls of remove curse
 y - a scroll of amnesia {unknown}
 z - a scroll of immolation {unknown}
 A - a scroll of enchant weapon {unknown}
 C - a scroll of enchant armour {unknown}
 G - 2 scrolls of magic mapping {unknown}
Potions
 b - a potion of lignification
 m - a potion of mutation
 n - 3 potions of curing
 w - a potion of brilliance
 H - a potion of berserk rage
Comestibles
 c - 13 rations
 E - 10 chunks of flesh


   Skills:
 - Level 2.1 Fighting
 + Level 1.6 Armour
 - Level 2.4 Dodging
 - Level 2.4 Stealth
 + Level 3.4 Shields
 - Level 4.0 Spellcasting
 + Level 6.9 Conjurations
 + Level 7.0 Fire Magic


You couldn't memorise any spells.
You knew the following spells:

 Your Spells              Type           Power        Failure   Level  Hunger
a - Flame Tongue          Conj/Fire      ####.        1%          1    None
b - Throw Flame           Conj/Fire      ####..       2%          2    #......
c - Conjure Flame         Conj/Fire      ####....     4%          3    ###....
d - Sticky Flame          Conj/Fire      ####....     16%         4    ####...
e - Fireball              Conj/Fire      ####......   41%         5    ######.

Your spell library contained the following spells:

 Spells                   Type           Power        Failure   Level  Hunger
 Magic Dart               Conj           ####         1%          1    None
 Inner Flame              Hex/Fire       ###.....     21%         3    ###....


Dungeon Overview and Level Annotations

Branches:
Dungeon (9/15)
 Temple: D:4-7         Lair: D:8-11         Orc: D:9-12

Altars:
Hepliaklqana
Kikubaaqudgha
Vehumet
Zin
The Shining One

Annotations:
D:5 exclusion: 3 doors


Message History

The flame tongue hits the warg.
The warg is heavily wounded.
The warg bites you!
* * * LOW HITPOINT WARNING * * *
Casting: Flame Tongue (safe; 1% risk of failure)
Confirm with . or Enter, or press ? or * to list all spells.
Aiming: Flame Tongue (safe; 1% risk of failure)
Press: ? - help, Shift-Dir - straight line, f/p - warg
Aim: a warg (heavily wounded)
The flame tongue hits the warg.
The warg is severely wounded.
The warg bites you!
* * * LOW HITPOINT WARNING * * *
Casting: Flame Tongue (safe; 1% risk of failure)
Confirm with . or Enter, or press ? or * to list all spells.
Aiming: Flame Tongue (safe; 1% risk of failure)
Press: ? - help, Shift-Dir - straight line, f/p - warg
Aim: a warg (heavily wounded)
The flame tongue misses the warg.
The warg bites you.
You die...

#######
......#
#.....#
#.....##
#......#
......#
#..?..#
#.#####o....#
#....@ho>..##
#.######...#
#...# #...#
#...# ##..#
..# ..#


You could see a warg, an orc warrior and an orc priest.

Vanquished Creatures
  Menkaure (D:6)
  Edmund (D:5)
  An orc warrior (D:6)
  A sky beast (D:5)
  2 centaurs (D:5)
  A scorpion (D:4)
  A vampire bat (D:5)
  A howler monkey (D:4)
  3 hounds (D:4)
  A bullfrog skeleton (D:5)
  An orc priest (D:6)
  Jessica (D:3)
  An iguana (D:5)
  Natasha (thrice) (D:3)
  Ijyb (D:5)
  5 orc wizards
  4 worker ants
  Terence (D:2)
  Robin (D:2)
  6 adders
  An ooze (D:5)
  An adder skeleton (D:5)
  2 worms
  A dart slug (D:2)
  4 leopard geckos
  10 orcs
  2 bat skeletons (D:5)
  3 bat zombies (D:5)
  15 giant cockroaches
  14 hobgoblins
  10 jackals
  8 kobolds
  2 quokkas
  A ball python (D:4)
  3 bats (D:2)
  4 frilled lizards
  12 goblins
  6 rats
136 creatures vanquished.

Notes
Turn   | Place    | Note
-------+----------+-------------------------------------------
     0 | D:1      | sverre the Deep Elf Fire Elementalist began the quest for
                  | the Orb.
     0 | D:1      | Reached XP level 1. HP: 10/10 MP: 6/6
   460 | D:1      | Reached XP level 2. HP: 15/15 MP: 6/8
   464 | D:1      | Learned a level 2 spell: Throw Flame
  1276 | D:2      | Found a glowing golden altar of the Shining One.
  1525 | D:2      | Reached skill level 4 in Fire Magic
  1622 | D:2      | Reached XP level 3. HP: 19/19 MP: 7/9
  1734 | D:2      | Noticed Terence
  1802 | D:1      | Learned a level 3 spell: Conjure Flame
  1922 | D:2      | Killed Terence
  2041 | D:2      | Reached XP level 4. HP: 22/24 MP: 3/10
  2707 | D:3      | Noticed Jessica
  2824 | D:3      | Noticed Robin
  3010 | D:2      | Killed Robin
  3159 | D:2      | Reached skill level 5 in Fire Magic
  3532 | D:3      | Reached XP level 5. HP: 27/28 MP: 5/11
  3542 | D:3      | Learned a level 4 spell: Sticky Flame
  3551 | D:3      | Found a radiant altar of Vehumet.
  3569 | D:3      | Became a worshipper of Vehumet
  3573 | D:3      | Noticed Natasha
  3578 | D:3      | Killed Natasha
  3589 | D:3      | Found a hazy altar of Hepliaklqana.
  3608 | D:3      | Noticed Natasha
  3612 | D:3      | Killed Natasha
  3718 | D:3      | Killed Jessica
  3751 | D:3      | Noticed Natasha
  3799 | D:3      | Killed Natasha
  3799 | D:3      | Reached skill level 1 in Shields
  3831 | D:4      | Reached XP level 6. HP: 31/32 MP: 10/13
  4137 | D:4      | Reached skill level 5 in Conjurations
  4523 | D:4      | Got a distressingly furry ring mail
  4679 | D:4      | Identified the +5 ring mail "Raothriadd" {-Tele rF+ Str+5}
                  | (You found it on level 4 of the Dungeon)
  4716 | D:5      | Entered Level 5 of the Dungeon
  4822 | D:5      | Found a glowing silver altar of Zin.
  4835 | D:5      | Noticed Edmund
  4874 | D:5      | Killed Edmund
  4874 | D:5      | Reached XP level 7. HP: 32/37 MP: 3/15
  4894 | D:5      | Reached * piety under Vehumet
  4894 | D:5      | Offered knowledge of Magic Dart by Vehumet.
  4894 | D:5      | Reached skill level 1 in Fighting
  4921 | D:5      | Noticed Ijyb
  4926 | D:5      | Killed Ijyb
  5188 | D:5      | Reached skill level 6 in Fire Magic
  5609 | D:5      | Found an ancient bone altar of Kikubaaqudgha.
  5629 | D:5      | Reached XP level 8. HP: 44/44 MP: 13/16
  5636 | D:5      | Learned a level 5 spell: Fireball
  5754 | D:6      | Noticed Menkaure
  5758 | D:6      | Killed Menkaure
  5969 | D:5      | Reached skill level 1 in Armour
  6200 | D:6      | You fall through a shaft for 3 floors!
  6212 | D:9      | Reached skill level 7 in Fire Magic
  6243 | D:8      | HP: 2/44 [warg (8)]
  6244 | D:8      | Slain by a warg

Skill      XL: |  1  2  3  4  5  6  7  8 |
---------------+-------------------------+-----
Conjurations   | 2 3 4 5 6 |  6.9
Fire Magic     | 4 5 6 7 |  7.0
Shields        | 1 2 3 |  3.4
Spellcasting   | 4 |  4.0
Fighting       | 2 |  2.1
Armour         | 1 |  1.6
Dodging        | |  2.4
Stealth        | |  2.4

Action                   |  1- 3 |  4- 6 |  7- 9 || total
-------------------------+-------+-------+-------++-------
Melee: Club              |    21 |       |       ||    21
       Short sword       |     1 |    50 |    18 ||    69
 Cast: Flame Tongue      |    71 |   136 |    88 ||   295
       Throw Flame       |     1 |     4 |       ||     5
       Conjure Flame     |     1 |     1 |     1 ||     3
       Sticky Flame      |       |     3 |     2 ||     5
  Use: Scroll            |       |     2 |     6 ||     8
 Stab: Sleeping          |     4 |     2 |     2 ||     8
  Eat: Chunk             |     3 |    10 |     5 ||    18
Armor: Robe              |    11 |    30 |       ||    41
       Ring mail         |       |     6 |    50 ||    56
Dodge: Dodged            |    39 |    85 |    62 ||   186
Block: Buckler           |       |     2 |    21 ||    23
